 Dungeon Crawl Stone Soup version 0.31-a0-358-gac0dbeb3ab (webtiles) character file.

Game seed: 2508230845463883758

140 M4edhros the Insei (level 5, -10/33 HPs)
             Began as an Octopode Artificer on July 26, 2023.
             Killed from afar by Pikel (24 damage)
             ... with a bolt of dispelling energy
             ... on level 4 of the Dungeon.
             The game lasted 00:03:41 (3047 turns).

M4edhros the Insei (Octopode Artificer)             Turns: 3047, Time: 00:03:43

Health: -10/33     AC:  1    Str: 11    XL:     5   Next: 23%
Magic:  5/5        EV: 13    Int: 14    God:
Gold:   113        SH:  0    Dex: 14    Spells: 4/4 levels left

rFire   . .          .
                       - Unarmed
rCold   . . .        (no shield)
rNeg    . . .        (helmet restricted)
rPois   .            (no amulet)
rElec   .            m - ring of willpower
rCorr   .            (no ring)
SInv    .            (no ring)
Will    +....        (no ring)
Stlth   +++          (no ring)
HPRegen 0.25/turn    (no ring)
MPRegen 0.09/turn    (no ring)
                     (no ring)

%: no passive effects
@: no status effects
A: almost no armour, amphibious, 8 rings, camouflage 1, gelatinous body 1,
(nimble swimmer 1), tentacles
a: no special abilities


You were on level 4 of the Dungeon.
You visited 1 branch of the dungeon, and saw 4 of its levels.

You collected 113 gold pieces.

Inventory:

Hand Weapons
 l - the +2 sling of Okawaru's Envy {freeze, Str+2}
   (You found it on level 2 of the Dungeon)

   Str:       It affects your strength (+2).
Jewellery
 m - a ring of willpower (left tentacle)
Wands
 b - a wand of flame (21) (quivered)
 c - a wand of charming (9)
 d - a wand of iceblast (4)
 j - a wand of digging (5)
Scrolls
 a - a scroll of silence {unknown}
 g - a scroll of amnesia {unknown}
 h - 4 scrolls of identify {unknown}
 k - a scroll of noise {unknown}
 n - a scroll of teleportation {unknown}
Potions
 e - a potion of might {unknown}
 f - 2 potions of resistance {unknown}
 i - 2 potions of curing {unknown}


   Skills:
 - Level 1.0 Fighting
 - Level 2.3 Dodging
 - Level 1.3 Stealth
 + Level 4.7 Unarmed Combat
 - Level 3.2 Evocations


You had 4 spell levels left.
You didn't know any spells.
Your spell library contained the following spells:

 Spells                   Type           Power      Damage    Failure   Level
 Cigotuvi's Dreadful Rot  Necr/Pois/Air  0%         N/A       41%         2
 Lesser Beckoning         Tloc           0%         N/A       41%         2
 Dazzling Flash           Conj/Hex       0%         N/A       65%         3
 Hailstorm                Conj/Ice       0%         3d3       65%         3
 Summon Ice Beast         Ice/Summ       0%         N/A       96%         4
 Summon Lightning Spire   Summ/Air       0%         N/A       96%         4
 Agony                    Necr           0%         N/A       100%        5
 Silence                  Hex/Air        0%         N/A       100%        5
 Simulacrum               Ice/Necr       0%         N/A       100%        6
 Disjunction              Tloc           0%         N/A       100%        8


Dungeon Overview and Level Annotations

Branches:
Dungeon (4/15)
 Temple: D:4-7

Altars:
Qazlal

Shops:
D:3 *

Annotations:
D:3 1 runed translucent door, Crazy Yiuf
D:4 Pikel


Innate Abilities, Weirdness & Mutations

You cannot wear most types of armour.
You are amphibious.
You can wear up to eight rings at the same time.
Your skin changes colour to match your surroundings (Stealth+).
Your rubbery body absorbs attacks. (AC +1, EV +1)
((You are camouflaged when in or above water. (Stealth+)))
You have tentacles for arms and can constrict up to eight enemies at once.


Message History

Unknown command.
You tentacle-slap the lemure.
The lemure is almost dead.
You constrict the lemure, but do no damage.
You tentacle-slap the lemure but do no damage.
The lemure is almost dead.
You constrict the lemure. The lemure hits you.
Unknown command.
You tentacle-slap the lemure.
The lemure is almost dead.
You constrict the lemure.
You kill the lemure!
That felt strangely unrewarding.
No target in view!
No target in view!
Pikel is nearby!
Pikel is nearby!
Pikel is nearby!
Pikel shouts!
Pikel zaps a wand.
The bolt of dispelling energy hits you!
You are too injured to fight recklessly!
Aiming: Charm
Press: ? - help, Shift-Dir - straight line, f - Pikel
Aim: Pikel, wielding a +0 whip of freezing, wearing a +1 robe of willpower and carrying a wand of quicksilver (chance to affect: 23%) Pikel resists with almost no effort.
Aiming: Charm
Press: ? - help, Shift-Dir - straight line, f/p - Pikel
Aim: Pikel, wielding a +0 whip of freezing, wearing a +1 robe of willpower and carrying a wand of quicksilver (chance to affect: 23%) Pikel resists with almost no effort.
Aiming: Charm
Press: ? - help, Shift-Dir - straight line, f/p - Pikel
Aim: Pikel, wielding a +0 whip of freezing, wearing a +1 robe of willpower and carrying a wand of quicksilver (chance to affect: 23%) Pikel resists with almost no effort.
Aiming: Charm
Press: ? - help, Shift-Dir - straight line, f/p - Pikel
Aim: Pikel, wielding a +0 whip of freezing, wearing a +1 robe of willpower and carrying a wand of quicksilver (chance to affect: 23%) Pikel resists with almost no effort.
Pikel zaps a wand.
The bolt of dispelling energy hits you!!
Ouch! That really hurt!
You die...

######.......#.#
.........###.##.#
########.# ####.# #
#.# #.# # #.# #.# #
##.## #.# #
##...#####.####
######.....#.......#
#..@.K....##.##.##.#
#.######>###.##.##.#
#.# #.....5.....#
##.######.###.##5##..
$.....f...# #.##.##..
#########.###.......#
#...........#
#############


You could see Pikel.

Vanquished Creatures
  A lemure (D:4)
  Ijyb (D:3)
  An orc wizard (D:2)
  2 adders (D:3)
  2 worms (D:3)
  A dart slug (D:1)
  2 orcs (D:2)
  5 endoplasms
  3 giant cockroaches (D:1)
  5 hobgoblins
  2 jackals (D:2)
  3 quokkas
  7 ball pythons
  8 bats
  3 frilled lizards
  6 goblins
  5 kobolds
  2 rats (D:1)
59 creatures vanquished.

Vanquished Creatures (collateral kills)
  A frilled lizard (D:3)
1 creature vanquished.

Vanquished Creatures (others)
  A lemure (D:4)
1 creature vanquished.

Grand Total: 61 creatures vanquished

Notes
Turn   | Place    | Note
-------+----------+-------------------------------------------
     0 | D:1      | M4edhros the Octopode Artificer began the quest for the
                  | Orb.
     0 | D:1      | Reached XP level 1. HP: 13/13 MP: 1/1
    56 | D:1      | Reached skill level 1 in Unarmed Combat
   150 | D:1      | Reached XP level 2. HP: 2/18 MP: 2/2
   336 | D:1      | Reached skill level 2 in Unarmed Combat
   355 | D:1      | Noticed an eye of devastation
   358 | D:1      | Found a faded altar of an unknown god.
   360 | D:1      | Noticed an eye of devastation
   360 | D:1      | Noticed a shining eye
   360 | D:1      | Noticed a great orb of eyes
   619 | D:1      | Reached XP level 3. HP: 23/23 MP: 3/3
   788 | D:2      | Reached skill level 3 in Unarmed Combat
   788 | D:2      | Reached XP level 4. HP: 18/28 MP: 4/4
  1332 | D:2      | Identified the +2 sling of Okawaru's Envy {freeze, Str+2}
  1647 | D:3      | Got the Handbook of Charged Portals
  1708 | D:3      | Found a stormy altar of Qazlal.
  1734 | D:3      | Found a runed translucent door.
  1735 | D:3      | Noticed Crazy Yiuf
  1815 | D:3      | Noticed Ijyb
  1825 | D:3      | Reached skill level 4 in Unarmed Combat
  1880 | D:3      | Killed Ijyb
  2006 | D:3      | Reached XP level 5. HP: 31/33 MP: 5/5
  2134 | D:3      | Found Jiclizuo's Assorted Antiques.
  2966 | D:4      | Noticed a lemure
  2966 | D:4      | Noticed a lemure
  2967 | D:4      | Noticed a lemure
  2969 | D:4      | Noticed Pikel
  2969 | D:4      | Noticed a lemure
  3036 | D:4      | Killed a lemure
  3047 | D:4      | Killed from afar by Pikel

Illustrated notes

Levels and vault maps discovered:
D:1:      reono_arrival_forest_river, layout_basic,
          hellmonk_ecumenical_altar_watching_god
D:2:      layout_basic
D:3:      cheibrodos_helix_gallery, layout_basic, grunt_qazlal_sundering,
          cheibrodos_sewer_entry_bend, serial_shops, shop, uniq_ijyb,
          uniq_crazy_yiuf_cottage
D:4:      layout_loops_ring, minmay_temple_entry_large_hall,
          lightli_corner_chamber, uniq_pikel, uniq_duvessa, uniq_sigmund

Skill      XL: |  1  2  3  4 |
---------------+-------------+-----
Unarmed Combat | 1 2 3 4 |  4.7
Fighting       | |  1.0
Dodging        | |  2.3
Stealth        | |  1.3
Evocations     | |  3.2

Action                     |  1- 3 |  4- 6 || total
---------------------------+-------+-------++-------
  Melee: Unarmed           |    56 |    76 ||   132
         Tentacles         |    13 |    18 ||    31
         Constrict         |    18 |    16 ||    34
         Punch             |     1 |     1 ||     2
  Evoke: Wand              |     1 |    11 ||    12
   Stab: Sleeping          |     7 |     7 ||    14
 Armour: Skin              |    10 |     3 ||    13
  Dodge: Dodged            |    33 |    34 ||    67

Table legend: (Time is in decaauts)
 A = Elapsed time spent in this place.
 B = Non-inter-level travel time spent in this place.
 C = Inter-level travel time spent in this place.
 D = Time resting spent in this place.
 E = Time spent auto-exploring this place.
 F = Levels seen in this place.
 G = Mean time per level.
                   A        B        C        D        E       F      G
               +--------+--------+--------+--------+--------+-----+--------+
         Total |   3038 |   2943 |     95 |     33 |   2407 |   4 |  759.5 |
       Dungeon |   3038 |   2943 |     95 |     33 |   2407 |   4 |  759.5 |
               +--------+--------+--------+--------+--------+-----+--------+

Top non-repeatable levels by time:
     D:3: 1312 daAuts
     D:2: 913 daAuts
     D:1: 673 daAuts
     D:4: 138 daAuts
